 Dungeon Crawl Stone Soup version 0.17-a0-1105-gbe8b664 (webtiles) character file.

156 YOLOxTooMuchSWAGooEE the Conjurer (level 4, -3/33 HPs)
             Began as a Demigod Conjurer on May 21, 2015.
             Slain by a crimson imp
             ... wielding a +0 dagger of chaos
              (17 damage)
             ... on level 3 of the Dungeon.
             The game lasted 00:09:17 (2338 turns).

YOLOxTooMuchSWAGooEE the Conjurer (DgCj)            Turns: 2338, Time: 00:09:18

Health: -3/33      AC:  3    Str: 11    XL:     4   Next: 92%
Magic:  2/9        EV: 12    Int: 21    God:
Gold:   159        SH:  0    Dex: 16    Spells: 2 memorised, 3 levels left

rFire  . . .     SeeInvis .     u - +2 trident (pierce)
rCold  . . .     Clarity  .     a - +0 robe
rNeg   . . .     SustAb   +     (no shield)
rPois  .         Gourm    .     (no helmet)
rElec  .         Spirit   .     (no cloak)
rCorr  .         Warding  .     (no gloves)
rMut   .         Stasis   .     r - +0 pair of boots
MR     .....                    (no amulet)
Stlth  +++.......               (no ring)
                                x - ring of stealth

@: slowed, very slow, not resistant to hostile enchantments, fairly stealthy
A: high mp 1, sustain abilities
a: no special abilities


You were on level 3 of the Dungeon.
You were very hungry.

You visited 1 branch of the dungeon, and saw 3 of its levels.

You collected 159 gold pieces.

Inventory:

Hand weapons
 n - a +0 mace
 u - a +2 trident of piercing (weapon)
Missiles
 g - 8 poisoned needles
 h - 24 bolts
 q - 3 sling bullets
 s - 44 arrows
 y - 6 tomahawks (quivered)
Armour
 a - a +0 robe (worn)
 r - a +0 pair of boots (worn)
Jewellery
 x - a ring of stealth (left hand)
Magical devices
 z - a wand of slowing (22)
Scrolls
 d - a scroll of teleportation {unknown}
 f - 3 scrolls of fog {unknown}
 j - a scroll of noise {unknown}
 k - a scroll of random uselessness {unknown}
 m - a scroll of amnesia {unknown}
 o - 2 scrolls of identify
 t - 2 scrolls of remove curse {unknown}
 v - a scroll of enchant armour {unknown}
 C - a scroll of enchant weapon {unknown}
Potions
 e - a potion of ambrosia
 l - a potion of might {unknown}
 p - a potion of curing {unknown}
 w - a potion of cancellation {unknown}
 A - a potion of degeneration {unknown}
 B - a potion of berserk rage {unknown}
Books
 b - a book of Conjurations

   Spells                             Type                      Level
   a - Magic Dart                     Conjuration                  1
   b - Searing Ray                    Conjuration                  2
   c - Dazzling Spray                 Conjuration/Hexes            3
   d - Fulminant Prism                Conjuration/Hexes            4
   e - Iskenderun's Mystic Blast      Conjuration                  4
   f - Iskenderun's Battlesphere      Conjuration/Charms           5
Comestibles
 c - 2 bread rations
 i - a meat ration


   Skills:
 + Level 2.6 Polearms
 - Level 1.9 Dodging
 - Level 1.8 Stealth
 - Level 1.8 Spellcasting
 - Level 5.0 Conjurations


You had 3 spell levels left.
You knew the following spells:

 Your Spells              Type           Power        Failure   Level  Hunger
a - Magic Dart            Conj           ###.         1%          1    #......
b - Searing Ray           Conj           ###...       3%          2    ###....


Dungeon Overview and Level Annotations

Branches:
Dungeon (3/15)

Annotations:
D:2 Sigmund


Innate Abilities, Weirdness & Mutations

You have an increased reservoir of magic (+10% MP).
Your attributes are resistant to harm.


Message History

You are feeling very hungry.
Read which item? (? for menu, Esc to quit)
Okay, then.
Casting: Magic Dart
Confirm with . or Enter, or press ? or * to list all spells.
Aiming: Searing Ray
Press: ? - help, Shift-Dir - straight line, f - crimson imp
Aim: a crimson imp, wielding a dagger of chaos The searing ray misses the crimson imp.
The crimson imp hits you with a dagger of chaos.
You feel yourself slow down.
The searing ray hits the crimson imp.
The crimson imp is moderately wounded.
The crimson imp blinks!
The crimson imp completely misses you.
The searing ray hits the crimson imp.
The crimson imp is severely wounded.
The crimson imp hits you but does no damage.
You are electrocuted!
Ouch! That really hurt!
You die...

##..####.....(...
##...## #.........
#.....# #........#
##.>...#########.##
#....5...# #....#
#.###..#.####...##
#.#ยง#..#..5.....#
#
#.###.#######...###
#.@5..# #...##.
####### #...##<
###########5..
#........##...
#...........##
#........####
#........#
#........#
##########


You could see 2 crimson imps.

Vanquished Creatures
  2 crimson imps (D:3)
  Natasha (thrice) (D:2)
  An iron imp (D:2)
  An adder (D:2)
  An ooze (D:2)
  2 giant geckos
  8 bats
  3 giant cockroaches
  2 goblins (D:1)
  4 hobgoblins
  2 jackals
  8 kobolds
  A quokka (D:2)
  3 giant newts (D:1)
  A rat (D:1)
42 creatures vanquished.

Notes
Turn   | Place    | Note
--------------------------------------------------------------
     0 | D:1      | YOLOxTooMuchSWAGooEE the Demigod Conjurer began the quest for the Orb.
     0 | D:1      | Reached XP level 1. HP: 14/14 MP: 5/5
   432 | D:1      | Reached XP level 2. HP: 20/20 MP: 0/7
   521 | D:1      | Learned a level 2 spell: Searing Ray
   566 | D:1      | Reached skill level 4 in Conjurations
  1363 | D:2      | Reached XP level 3. HP: 26/26 MP: 3/8
  1490 | D:2      | Noticed Natasha
  1494 | D:2      | Killed Natasha
  1531 | D:2      | Reached skill level 5 in Conjurations
  1664 | D:2      | Noticed Sigmund
  1788 | D:2      | Noticed Natasha
  1795 | D:2      | Killed Natasha
  1892 | D:2      | Reached XP level 4. HP: 26/33 MP: 9/9
  2044 | D:2      | Noticed Natasha
  2051 | D:2      | Killed Natasha
  2060 | D:2      | Reached skill level 1 in Polearms
  2258 | D:3      | Found a shimmering altar of Xom.
  2338 | D:3      | Slain by a crimson imp

Vault maps used:
D:1:      lightli_arrival_noodles
D:2:      uniq_sigmund, uniq_natasha
D:3:      kennysheep_big_flooded_room, led_xom_imps, lemuel_round_altar,
          feat_on_display

Action                   |  1- 3 |  4- 6 || total
-------------------------+-------+-------++-------
Melee: Mace              |     6 |       ||     6
       Trident           |    24 |    30 ||    54
Throw: Stone             |     4 |       ||     4
       Tomahawk          |       |     2 ||     2
 Cast: Magic Dart        |    56 |    12 ||    68
       Searing Ray       |     4 |     3 ||     7
  Use: Scroll            |     1 |       ||     1
 Stab: Sleeping          |     3 |     1 ||     4
  Eat: Fruit             |     1 |       ||     1
       Chunk             |     2 |     2 ||     4
